TOP OF THE 1ST |
Pulaski Yankees batting - Pitching for Cleveland (APP) Indians : RHP Ken Shear
|
Pitching: RHP Ken Shear
|
|
Batting: RHB Bobby Melillo
|
0-0: Foul Ball, location: 2F 0-1: Ball 1-1: SINGLE (Groundball, 25, EV 66.9 MPH) (infield hit)
|
Batting: RHB Roberto Tena
|
0-0: Foul Ball, location: 2F 0-1: Foul Ball, location: 2F 0-2: Ball 1-2: Ball 2-2: SINGLE (Groundball, 6, EV 103.8 MPH) Bobby Melillo to second
|
Batting: LHB Joel Vera
|
0-0: Called Strike 0-1: Foul Ball, location: 2F 0-2: Ball 1-2: Fielders Choice at 2nd, 3-6 (Groundball, 34S, EV 83.8 MPH) Bobby Melillo to third
|
Batting: LHB Dan Morris
|
0-0: Ball Joel Vera steals 2nd base 1-0: Foul Ball, location: 2F 1-1: Foul Ball, location: 2F 1-2: Ball 2-2: Foul Ball, location: 2F 2-2: 3-RUN HOME RUN (Flyball, 89XD, EV 103.8 MPH), Distance : 413 ft
|
Batting: SHB Victor Ruiz
|
0-0: Ground out 5-3 (Groundball, 5, EV 82.5 MPH)
|
Batting: RHB Colby Macon
|
0-0: SINGLE (Flyball, 89S, EV 91.3 MPH)
|
Batting: RHB Nick Dunton
|
0-0: Called Strike 0-1: Foul Ball, location: 2F 0-2: Ball Passed Ball! Colby Macon to second 1-2: Ball 2-2: SINGLE (Line Drive, 8RS, EV 100.0 MPH) Colby Macon to third Runner from 3rd tries for Home, throw by CF and OUT! 8-2
|
Top of the 1st over - 3 runs, 5 hits, 0 errors, 1 left on base; Pulaski 3 - Cleveland (APP) 0 |
BOTTOM OF THE 1ST |
Cleveland (APP) Indians batting - Pitching for Pulaski Yankees : RHP Edwin Espinal
|
Pitching: RHP Edwin Espinal
|
|
Batting: RHB John Clark
|
0-0: Ball 1-0: Ball 2-0: Called Strike 2-1: SINGLE (Flyball, 9LS, EV 93.8 MPH)
|
Batting: RHB Carlos Manriquez
|
0-0: Ball 1-0: Ball 2-0: Called Strike 2-1: Foul Ball, location: 2F 2-2: Foul Ball, location: 2F 2-2: Strikes out swinging
|
Batting: RHB Juan Gallardo
|
0-0: Ball John Clark steals 2nd base 1-0: Swinging Strike 1-1: Foul Ball, location: 2F 1-2: SINGLE (Line Drive, 8LS, EV 101.9 MPH) John Clark to third Runner from 3rd tries for Home, SAFE, throw by CF to home
|
Now in CF: Joe Fure
|
|
Batting: RHB Luis Roman
|
0-0: Called Strike 0-1: Ball 1-1: Swinging Strike 1-2: Foul Ball, location: 2F 1-2: Strikes out swinging
|
Batting: LHB Kenji Yokoyama
|
0-0: Called Strike 0-1: Foul Ball, location: 2F 0-2: Ball 1-2: Ball 2-2: Strikes out swinging
|
Bottom of the 1st over - 1 run, 2 hits, 0 errors, 1 left on base; Pulaski 3 - Cleveland (APP) 1 |
TOP OF THE 2ND |
Pulaski Yankees batting - Pitching for Cleveland (APP) Indians : RHP Ken Shear
|
Batting: RHB Jordan Barragan
|
0-0: Ground out 1-3 (Groundball, P, EV 74.4 MPH)
|
Batting: RHB Graham Murphy
|
0-0: Ball 1-0: Ball 2-0: Ball 3-0: Called Strike 3-1: Foul Ball, location: 2F 3-2: Base on Balls
|
Batting: RHB Bobby Melillo
|
0-0: Called Strike 0-1: Ball 1-1: Fielders Choice at 2nd, 5-4 (Groundball, 56S, EV 82.5 MPH)
|
Batting: RHB Roberto Tena
|
0-0: Ball Bobby Melillo steals 2nd base 1-0: Foul Ball, location: 2F 1-1: Ball 2-1: Called Strike 2-2: SINGLE (Groundball, 56S, EV 68.1 MPH) (infield hit) Bobby Melillo to third
|
Batting: LHB Joel Vera
|
0-0: Ball Wild Pitch! Bobby Melillo scores Roberto Tena to second 1-0: Called Strike 1-1: Foul Ball, location: 2F 1-2: Foul Ball, location: 2F 1-2: Ball 2-2: Ball Passed Ball! Roberto Tena to third 3-2: Base on Balls
|
Batting: LHB Dan Morris
|
0-0: Ball Joel Vera is caught stealing 2nd base 2-6
|
Top of the 2nd over - 1 run, 1 hit, 0 errors, 1 left on base; Pulaski 4 - Cleveland (APP) 1 |
BOTTOM OF THE 2ND |
Cleveland (APP) Indians batting - Pitching for Pulaski Yankees : RHP Edwin Espinal
|
Batting: RHB Joe Shade
|
0-0: Called Strike 0-1: Ground out 5-3 (Groundball, 56, EV 85.6 MPH)
|
Batting: LHB Heath Ryland
|
0-0: Called Strike 0-1: Ball 1-1: Called Strike 1-2: Strikes out swinging
|
Batting: LHB Jose Esteban
|
0-0: Foul Ball, location: 2F 0-1: Ball 1-1: Swinging Strike 1-2: Ball 2-2: Strikes out swinging
|
Bottom of the 2nd over - 0 runs, 0 hits, 0 errors, 0 left on base; Pulaski 4 - Cleveland (APP) 1 |
TOP OF THE 3RD |
Pulaski Yankees batting - Pitching for Cleveland (APP) Indians : RHP Ken Shear
|
Batting: LHB Dan Morris
|
0-0: Ball 1-0: Ground out 6-3 (Groundball, 6, EV 91.9 MPH)
|
Batting: SHB Joe Fure
|
0-0: DOUBLE (Flyball, 89D, EV 101.3 MPH)
|
Batting: RHB Colby Macon
|
0-0: Swinging Strike 0-1: Called Strike 0-2: Foul Ball, location: 2F 0-2: Ball 1-2: Fly out, F8 (Flyball, 89D, EV 92.5 MPH)
|
Batting: RHB Nick Dunton
|
0-0: Ball Passed Ball! Joe Fure to third 1-0: Foul Ball, location: 2F 1-1: Called Strike 1-2: Strikes out looking
|
Top of the 3rd over - 0 runs, 1 hit, 0 errors, 1 left on base; Pulaski 4 - Cleveland (APP) 1 |
BOTTOM OF THE 3RD |
Cleveland (APP) Indians batting - Pitching for Pulaski Yankees : RHP Edwin Espinal
|
Batting: SHB Mike Shields
|
0-0: Ball 1-0: Ball 2-0: Ball 3-0: Called Strike 3-1: Swinging Strike 3-2: Foul Ball, location: 2F 3-2: Foul Ball, location: 2F 3-2: Strikes out swinging, 2-3 out at first.
|
Batting: RHB John Clark
|
0-0: Ball 1-0: Foul Ball, location: 2F 1-1: SINGLE (Groundball, 4MD, EV 95.6 MPH)
|
Batting: RHB Carlos Manriquez
|
0-0: Called Strike 0-1: Foul Ball, location: 2F 0-2: Ball 1-2: Foul Ball, location: 2F 1-2: Foul Ball, location: 2F 1-2: Foul Ball, location: 2F 1-2: Fielders Choice at 2nd, 4-6 (Groundball, 34, EV 86.3 MPH)
|
Batting: RHB Juan Gallardo
|
0-0: Ball 1-0: Ball 2-0: Called Strike 2-1: Foul Ball, location: 2F 2-2: Strikes out swinging
|
Bottom of the 3rd over - 0 runs, 1 hit, 0 errors, 1 left on base; Pulaski 4 - Cleveland (APP) 1 |
TOP OF THE 4TH |
Pulaski Yankees batting - Pitching for Cleveland (APP) Indians : RHP Ken Shear
|
Batting: RHB Jordan Barragan
|
0-0: Ball 1-0: Ball 2-0: Foul Ball, location: 2F 2-1: Ball 3-1: Base on Balls
|
Batting: RHB Graham Murphy
|
0-0: Foul Ball, location: 2F 0-1: SINGLE (Groundball, 15S, EV 68.1 MPH) (infield hit) Jordan Barragan to second
|
Batting: RHB Bobby Melillo
|
0-0: Foul Ball, location: 2F 0-1: Ball Wild Pitch! Jordan Barragan to third Graham Murphy to second 1-1: Foul Ball, location: 2F 1-2: Foul Ball, location: 2F 1-2: Fly out, F9 (Flyball, 9S, EV 85.0 MPH) Runner from 3rd tags up, OUT at HOME! 9-2 Graham Murphy to third
|
Pitching: RHP Gilbert Paparelli
|
|
Batting: RHB Roberto Tena
|
0-0: Called Strike 0-1: SINGLE (Groundball, 4S, EV 61.3 MPH) (infield hit) Graham Murphy scores
|
Batting: LHB Joel Vera
|
0-0: Ball Roberto Tena steals 2nd base 1-0: Foul Ball, location: 2F 1-1: Ball 2-1: Foul Ball, location: 2F 2-2: Ball Wild Pitch! Roberto Tena to third 3-2: 2-RUN HOME RUN (Flyball, 9D, EV 102.5 MPH), Distance : 392 ft
|
Batting: LHB Dan Morris
|
0-0: Foul Ball, location: 2F 0-1: Ball 1-1: Called Strike 1-2: Ball 2-2: Foul Ball, location: 2F 2-2: Foul Ball, location: 2F 2-2: SOLO HOME RUN (Flyball, 7LD, EV 88.1 MPH), Distance : 334 ft
|
Batting: SHB Joe Fure
|
0-0: Ball 1-0: Ball 2-0: Ball 3-0: Called Strike 3-1: Base on Balls
|
Pitching: LHP Jordan Jimenez
|
|
Batting: RHB Colby Macon
|
0-0: SINGLE (Line Drive, 78M, EV 102.5 MPH) Joe Fure to second
|
Batting: RHB Nick Dunton
|
0-0: Ball 1-0: Swinging Strike 1-1: Ball Passed Ball! Joe Fure to third Colby Macon to second 2-1: Ball 3-1: Base on Balls
|
Batting: RHB Jordan Barragan
|
0-0: Ball 1-0: Ball Passed Ball! Joe Fure scores Colby Macon to third Nick Dunton to second 2-0: Ball Wild Pitch! Colby Macon scores Nick Dunton to third 3-0: Called Strike 3-1: Base on Balls
|
Batting: RHB Graham Murphy
|
0-0: Ball 1-0: Ball 2-0: Ball Passed Ball! Nick Dunton scores Jordan Barragan to second 3-0: Base on Balls
|
Batting: RHB Bobby Melillo
|
0-0: DOUBLE (Flyball, 7LM, EV 104.4 MPH) Jordan Barragan scores Graham Murphy to third
|
Batting: RHB Roberto Tena
|
0-0: Ball 1-0: Swinging Strike 1-1: Ball 2-1: Ball Wild Pitch! Graham Murphy scores Bobby Melillo to third 3-1: Base on Balls
|
Batting: LHB Joel Vera
|
0-0: Called Strike 0-1: Ball Passed Ball! Bobby Melillo scores Roberto Tena to second 1-1: Ball 2-1: Foul Ball, location: 2F 2-2: Ball 3-2: Base on Balls
|
Batting: LHB Dan Morris
|
0-0: Foul Ball, location: 2F 0-1: Ball 1-1: Ball 2-1: Foul Ball, location: 2F 2-2: Fly out, F5 (Popup, 56S, EV 85.6 MPH)
|
Top of the 4th over - 10 runs, 6 hits, 0 errors, 2 left on base; Pulaski 14 - Cleveland (APP) 1 |
BOTTOM OF THE 4TH |
Cleveland (APP) Indians batting - Pitching for Pulaski Yankees : RHP Edwin Espinal
|
Batting: RHB Luis Roman
|
0-0: Ground out 2-3 (Groundball, 13S, EV 64.4 MPH)
|
Batting: LHB Kenji Yokoyama
|
0-0: Ball 1-0: SINGLE (Groundball, 34D, EV 94.4 MPH)
|
Batting: RHB Joe Shade
|
0-0: Foul Ball, location: 2F 0-1: Ball 1-1: Ball Passed Ball! Kenji Yokoyama to second 2-1: Fly out, F9 (Flyball, 9S, EV 90.6 MPH)
|
Batting: LHB Heath Ryland
|
0-0: Foul Ball, location: 2F 0-1: Called Strike 0-2: Strikes out swinging
|
Bottom of the 4th over - 0 runs, 1 hit, 0 errors, 1 left on base; Pulaski 14 - Cleveland (APP) 1 |
TOP OF THE 5TH |
Pulaski Yankees batting - Pitching for Cleveland (APP) Indians : LHP Jordan Jimenez
|
Batting: SHB Joe Fure
|
0-0: Foul Ball, location: 2F 0-1: Called Strike 0-2: Foul Ball, location: 2F 0-2: Ball 1-2: Ball 2-2: Ball 3-2: SINGLE (Groundball, 6MD, EV 111.9 MPH)
|
Batting: RHB Colby Macon
|
0-0: Called Strike 0-1: Ball Wild Pitch! Joe Fure to second 1-1: Foul Ball, location: 2F 1-2: Ball 2-2: Ball 3-2: DOUBLE (Line Drive, 89XD, EV 103.8 MPH) Joe Fure scores
|
Batting: RHB Nick Dunton
|
0-0: Ball Passed Ball! Colby Macon to third 1-0: Foul Ball, location: 2F 1-1: Ground out 4-3 (Groundball, 4, EV 98.1 MPH) Colby Macon scores
|
Batting: RHB Jordan Barragan
|
0-0: SINGLE (Groundball, 6MD, EV 104.4 MPH) (infield hit)
|
Batting: RHB Graham Murphy
|
0-0: Swinging Strike 0-1: Swinging Strike 0-2: Foul Ball, location: 2F 0-2: Ball 1-2: Ball 2-2: Ball 3-2: Foul Ball, location: 2F 3-2: Base on Balls Jordan Barragan to second
|
Batting: RHB Bobby Melillo
|
0-0: 3-RUN HOME RUN (Flyball, 78XD, EV 105.6 MPH), Distance : 422 ft
|
Batting: RHB Roberto Tena
|
0-0: Foul Ball, location: 2F 0-1: Foul Ball, location: 2F 0-2: Foul Ball, location: 2F 0-2: Foul Ball, location: 2F 0-2: Strikes out looking
|
Batting: LHB Joel Vera
|
0-0: Swinging Strike 0-1: Called Strike 0-2: Ball 1-2: Strikes out swinging
|
Top of the 5th over - 5 runs, 4 hits, 0 errors, 0 left on base; Pulaski 19 - Cleveland (APP) 1 |
BOTTOM OF THE 5TH |
Cleveland (APP) Indians batting - Pitching for Pulaski Yankees : RHP Edwin Espinal
|
Batting: LHB Jose Esteban
|
0-0: Called Strike 0-1: Ball 1-1: Ground out 4-3 (Groundball, 4, EV 99.4 MPH)
|
Batting: SHB Mike Shields
|
0-0: Called Strike 0-1: Foul Ball, location: 2F 0-2: Ball 1-2: Strikes out swinging
|
Batting: RHB John Clark
|
0-0: Ball 1-0: Swinging Strike 1-1: Ball 2-1: Foul Ball, location: 2F 2-2: Strikes out swinging
|
Bottom of the 5th over - 0 runs, 0 hits, 0 errors, 0 left on base; Pulaski 19 - Cleveland (APP) 1 |
TOP OF THE 6TH |
Pulaski Yankees batting - Pitching for Cleveland (APP) Indians : LHP Jordan Jimenez
|
Batting: LHB Dan Morris
|
0-0: Fly out, F4 (Flyball, 34D, EV 95.0 MPH)
|
Batting: SHB Joe Fure
|
0-0: Reached on error, E6 (Groundball, 6, EV 75.6 MPH)
|
Batting: RHB Colby Macon
|
0-0: Ball 1-0: Foul Ball, location: 2F 1-1: Ball Passed Ball! Joe Fure to third 2-1: Foul Ball, location: 2F 2-2: Ball Passed Ball! Joe Fure scores 3-2: Base on Balls
|
Batting: RHB Nick Dunton
|
0-0: DOUBLE (Flyball, 7LD, EV 114.4 MPH) Colby Macon to third
|
Batting: RHB Jordan Barragan
|
0-0: Ball Passed Ball! Colby Macon scores Nick Dunton to third 1-0: Called Strike 1-1: Called Strike 1-2: Ball Passed Ball! Nick Dunton scores 2-2: Foul Ball, location: 2F 2-2: Ball 3-2: Foul Ball, location: 2F 3-2: Base on Balls
|
Batting: RHB Graham Murphy
|
0-0: 2-RUN HOME RUN (Flyball, 9D, EV 99.4 MPH), Distance : 388 ft
|
Batting: RHB Bobby Melillo
|
0-0: SINGLE (Groundball, 4D, EV 98.1 MPH)
|
Batting: RHB Roberto Tena
|
0-0: Called Strike 0-1: SINGLE (Groundball, 6MS, EV 84.4 MPH) (infield hit) Bobby Melillo to second
|
Batting: LHB Joel Vera
|
0-0: Ball 1-0: Ball 2-0: Called Strike 2-1: Ball 3-1: Base on Balls Bobby Melillo to third Roberto Tena to second
|
Batting: LHB Dan Morris
|
0-0: Fielders Choice at 3rd, U5 (Groundball, 5L, EV 100.0 MPH) Bobby Melillo scores Joel Vera to second
|
Batting: SHB Joe Fure
|
0-0: Ball Passed Ball! Joel Vera to third Dan Morris to second 1-0: Called Strike 1-1: Fly out, F9 (Flyball, 89XD, EV 100.0 MPH)
|
Top of the 6th over - 6 runs, 4 hits, 1 error, 2 left on base; Pulaski 25 - Cleveland (APP) 1 |
BOTTOM OF THE 6TH |
Cleveland (APP) Indians batting - Pitching for Pulaski Yankees : RHP Edwin Espinal
|
Batting: RHB Carlos Manriquez
|
0-0: Swinging Strike 0-1: Called Strike 0-2: Strikes out swinging
|
Batting: RHB Juan Gallardo
|
0-0: Foul Ball, location: 2F 0-1: Ball 1-1: Ball 2-1: Ball 3-1: Called Strike 3-2: Ground out 3-1 (Groundball, 34, EV 85.0 MPH)
|
Batting: RHB Luis Roman
|
0-0: Called Strike 0-1: Swinging Strike 0-2: Strikes out swinging
|
Bottom of the 6th over - 0 runs, 0 hits, 0 errors, 0 left on base; Pulaski 25 - Cleveland (APP) 1 |
TOP OF THE 7TH |
Pulaski Yankees batting - Pitching for Cleveland (APP) Indians : LHP Jordan Jimenez
|
Batting: RHB Colby Macon
|
0-0: Called Strike 0-1: SOLO HOME RUN (Flyball, 89XD, EV 111.3 MPH), Distance : 434 ft
|
Batting: RHB Nick Dunton
|
0-0: Ball 1-0: Ball 2-0: Ball 3-0: Base on Balls
|
Batting: RHB Jordan Barragan
|
0-0: SINGLE (Groundball, 6MS, EV 64.4 MPH) (infield hit) Nick Dunton to second
|
Batting: RHB Graham Murphy
|
0-0: Ball 1-0: Called Strike 1-1: Ball 2-1: Ball 3-1: Base on Balls Nick Dunton to third Jordan Barragan to second
|
Batting: RHB Bobby Melillo
|
0-0: Ball 1-0: Called Strike 1-1: Ball 2-1: Ball 3-1: Base on Balls Nick Dunton scores Jordan Barragan to third Graham Murphy to second
|
Batting: RHB Roberto Tena
|
0-0: Swinging Strike 0-1: Fly out, F8 (Flyball, 8LD, EV 99.4 MPH) Runner from 3rd tags up, SCORES, no throw by CF
|
Batting: LHB Joel Vera
|
0-0: Called Strike 0-1: DOUBLE (Line Drive, 78D, EV 108.1 MPH) Graham Murphy scores Bobby Melillo to third Runner from 3rd tries for Home, SAFE, throw by CF to trailing runner, OUT at third! 8-3-5
|
Batting: LHB Dan Morris
|
0-0: Ball 1-0: DOUBLE (Flyball, 78XD, EV 100.0 MPH)
|
Batting: SHB Joe Fure
|
0-0: Called Strike 0-1: Ball Passed Ball! Dan Morris to third 1-1: Ball 2-1: Ball Wild Pitch! Dan Morris scores 3-1: Base on Balls
|
Batting: RHB Colby Macon
|
0-0: Ball Passed Ball! Joe Fure to second 1-0: Ground out U3 (Groundball, 34, EV 87.5 MPH)
|
Top of the 7th over - 6 runs, 4 hits, 0 errors, 1 left on base; Pulaski 31 - Cleveland (APP) 1 |
BOTTOM OF THE 7TH |
Cleveland (APP) Indians batting - Pitching for Pulaski Yankees : RHP Edwin Espinal
|
Batting: LHB Kenji Yokoyama
|
0-0: Called Strike 0-1: Swinging Strike 0-2: Ball 1-2: Foul Ball, location: 2F 1-2: Ball 2-2: Strikes out swinging
|
Batting: RHB Joe Shade
|
0-0: Foul Ball, location: 2F 0-1: Foul Ball, location: 2F 0-2: Foul Ball, location: 2F 0-2: Strikes out swinging
|
Batting: LHB Heath Ryland
|
0-0: Called Strike 0-1: Ball 1-1: Ball 2-1: Ball 3-1: Base on Balls
|
Pitching: RHP Vince DeFord
|
|
Batting: LHB Jose Esteban
|
0-0: Foul Ball, location: 2F 0-1: Foul Ball, location: 2F 0-2: Strikes out swinging
|
Bottom of the 7th over - 0 runs, 0 hits, 0 errors, 1 left on base; Pulaski 31 - Cleveland (APP) 1 |
TOP OF THE 8TH |
Pulaski Yankees batting - Pitching for Cleveland (APP) Indians : LHP Jordan Jimenez
|
Batting: RHB Nick Dunton
|
0-0: Fly out, F7 (Line Drive, 7, EV 91.9 MPH)
|
Batting: RHB Jordan Barragan
|
0-0: Ground out 1-3 (Groundball, 13S, EV 66.9 MPH)
|
Batting: RHB Graham Murphy
|
0-0: Called Strike 0-1: Ground out 1-3 (Groundball, 15S, EV 70.6 MPH)
|
Top of the 8th over - 0 runs, 0 hits, 0 errors, 0 left on base; Pulaski 31 - Cleveland (APP) 1 |
BOTTOM OF THE 8TH |
Cleveland (APP) Indians batting - Pitching for Pulaski Yankees : RHP Vince DeFord
|
Batting: SHB Mike Shields
|
0-0: Called Strike 0-1: Ball 1-1: Ball 2-1: Swinging Strike 2-2: Foul Ball, location: 2F 2-2: Strikes out swinging
|
Batting: RHB John Clark
|
0-0: Called Strike 0-1: Ball 1-1: Ball 2-1: Foul Ball, location: 2F 2-2: Strikes out swinging
|
Batting: RHB Carlos Manriquez
|
0-0: Ball 1-0: Ground out 5-3 (Groundball, 5, EV 83.8 MPH)
|
Bottom of the 8th over - 0 runs, 0 hits, 0 errors, 0 left on base; Pulaski 31 - Cleveland (APP) 1 |
TOP OF THE 9TH |
Pulaski Yankees batting - Pitching for Cleveland (APP) Indians : LHP Jordan Jimenez
|
Batting: RHB Bobby Melillo
|
0-0: Foul Ball, location: 2F 0-1: Fly out, F8 (Flyball, 8RS, EV 83.1 MPH)
|
Batting: RHB Roberto Tena
|
0-0: Foul Ball, location: 2F 0-1: Ball 1-1: Foul Ball, location: 2F 1-2: Foul Ball, location: 2F 1-2: Fly out, F9 (Flyball, 9S, EV 83.8 MPH)
|
Batting: LHB Joel Vera
|
0-0: Ball 1-0: Called Strike 1-1: Ball 2-1: Ball 3-1: Foul Ball, location: 2F 3-2: Base on Balls
|
Batting: LHB Dan Morris
|
0-0: Fielders Choice at 2nd, 6-4 (Groundball, 4M, EV 88.1 MPH)
|
Top of the 9th over - 0 runs, 0 hits, 0 errors, 1 left on base; Pulaski 31 - Cleveland (APP) 1 |
BOTTOM OF THE 9TH |
Cleveland (APP) Indians batting - Pitching for Pulaski Yankees : RHP Vince DeFord
|
Batting: RHB Juan Gallardo
|
0-0: Swinging Strike 0-1: Swinging Strike 0-2: Strikes out swinging
|
Batting: RHB Luis Roman
|
0-0: Called Strike 0-1: Ball 1-1: Ball 2-1: SINGLE (Line Drive, 8RS, EV 95.0 MPH)
|
Batting: LHB Kenji Yokoyama
|
0-0: Ball 1-0: Ball 2-0: Ball 3-0: Called Strike 3-1: Swinging Strike 3-2: Strikes out swinging
|
Batting: RHB Joe Shade
|
0-0: Ball 1-0: Ball 2-0: Foul Ball, location: 2F 2-1: Foul Ball, location: 2F 2-2: Foul Ball, location: 2F 2-2: Foul Ball, location: 2F 2-2: Strikes out swinging
|
Bottom of the 9th over - 0 runs, 1 hit, 0 errors, 1 left on base; Pulaski 31 - Cleveland (APP) 1 |
|